 Dungeon Crawl Stone Soup version 0.24.0-37-gcf1ca852f1 (webtiles) character file.

Game seed: 2669944722806026294, levelgen mode: deterministic

213 Bombadil the Digger (level 5, -1/28 HPs)
             Began as a Gargoyle Earth Elementalist on Nov 27, 2019.
             Slain by a worker ant (3 damage)
             ... on level 4 of the Dungeon.
             The game lasted 00:09:57 (3766 turns).

Bombadil the Digger (Gargoyle Earth Elementalist)   Turns: 3766, Time: 00:09:57

Health: -1/28      AC:  7    Str: 12    XL:     5   Next: 90%
Magic:  4/10       EV: 12    Int: 16    God:
Gold:   166        SH:  3    Dex: 10    Spells: 2/11 levels left

rFire    . . .     SeeInvis .   C - +1 whip (venom)
rCold    . . .     Gourm    .   (no shield)
rNeg     + . .     Faith    .   c - +0 robe
rPois    ∞         Spirit   .   (no helmet)
rElec    +         Reflect  +   (no cloak)
rCorr    .         Harm     .   o - +0 pair of gloves
MR       .....                  (no boots)
Stlth    ++........             l - +3 amulet of reflection
HPRegen  0.09/turn              k - ring of flight
MPRegen  0.12/turn              (no ring)

@: no status effects
A: negative energy resistance 1, electricity resistance, unbreathing,
petrification resistance, rot immunity, AC +4
a: Evoke Flight


You were on level 4 of the Dungeon.
You were not hungry.

You visited 1 branch of the dungeon, and saw 5 of its levels.

You collected 166 gold pieces.

Inventory:

Hand Weapons
 t - a +0 falchion
 C - a +1 whip of venom (weapon)
Missiles
 b - 13 stones (quivered)
Armour
 c - a +0 robe (worn)
 o - a +0 pair of gloves (worn)
Jewellery
 h - an uncursed ring of resist corrosion {unknown}
 k - a ring of flight (left hand)
 l - a +3 amulet of reflection (around neck)
 B - the ring of Law {+Fly Int+2, unknown}
   (You found it on level 5 of the Dungeon)

   [ring of intelligence]

   It affects your intelligence (+2).
   It lets you fly.
Wands
 w - a wand of iceblast (9)
Scrolls
 a - a scroll of immolation {unknown}
 f - 2 scrolls of teleportation {unknown}
 g - 4 scrolls of remove curse {unknown}
 j - a scroll of noise {unknown}
 p - a scroll of enchant armour {unknown}
 q - 6 scrolls of identify {unknown}
 s - a scroll of enchant weapon {unknown}
 u - a scroll of random uselessness {unknown}
 y - a scroll of fear {unknown}
Potions
 e - 2 potions of brilliance {unknown}
 i - 4 potions of curing {unknown}
 m - 3 potions of lignification {unknown}
 n - a potion of berserk rage {unknown}
 r - a potion of flight {unknown}
 v - a potion of invisibility {unknown}
 x - a potion of degeneration {unknown}
 z - a potion of mutation {unknown}
Comestibles
 d - 5 rations


   Skills:
 + Level 1.7 Dodging
 + Level 2.4 Stealth
 + Level 3.8 Spellcasting
 + Level 1.4 Conjurations
   Level 0.7 Transmutations
 + Level 5.7 Earth Magic


You had 2 spell levels left.
You knew the following spells:

 Your Spells              Type           Power        Failure   Level  Hunger
a - Sandblast             Erth           ###...       1%          1    None
b - Stone Arrow           Conj/Erth      ##....       12%         3    ###....
c - Lee's Rapid Deconstr  Erth           ###.......   41%         5    ######.

Your spell library contained the following spells:

 Spells                   Type           Power        Failure   Level  Hunger
 Passwall                 Tmut/Erth      ##......     7%          2    ##.....
 Beastly Appendage        Tmut           #.....       13%         1    None
 Sticks to Snakes         Tmut           #.......     19%         2    ##.....
 Spider Form              Tmut/Pois      #.........   41%         3    ###....
 Petrify                  Tmut/Erth      ##......     41%         4    ####...
 Ice Form                 Ice/Tmut       #.......     83%         4    ####...
 Blade Hands              Tmut           #.........   98%         5    ######.


Dungeon Overview and Level Annotations

Branches:
Dungeon (5/15)
 Temple: D:4-7

Altars:
Gozag
Kikubaaqudgha

Shops:
D:4 [

Annotations:
D:2 Sigmund
D:4 Dowan, Duvessa


Innate Abilities, Weirdness & Mutations

You are resistant to torment.
Your stone body is resilient. (AC +4)
You are immune to poison.
You resist negative energy. (rN+)
You are resistant to electric shocks. (rElec)
You can survive without breathing.
You are immune to petrification.
You are immune to rotting.


Message History

The weapon returns to the orc!
An ogre comes into view. It is wielding a +0 giant club.
The ogre shouts!
The orc warrior throws a boomerang.
The boomerang closely misses you.
The weapon returns to the orc warrior!
The orc throws a boomerang.
The boomerang barely misses you.
The weapon returns to the orc!
The worker ant closely misses you.
Found a stone staircase leading down.
The worker ant bites you.
* * * LOW HITPOINT WARNING * * *
The worker ant bites you but does no damage.
The worker ant bites you but does no damage.
Duvessa shouts!
You hear a shout!
The worker ant misses you. The worker ant barely misses you.
An orc priest comes into view.
The worker ant bites you.
* * * LOW HITPOINT WARNING * * *
The worker ant bites you.
You die...

##..##.##.##.#
#.##. #>.∩.o.# ..
#.### ##..#### ##
#.o.. #..#####
#.###### #.)....
........ #.#...##
.#####o #......#
#. ###...## . #.
#@## #.##>##.
#a#########.##.##.
#a##.O.o..........
#....##....)..o###
#######.##o....o.#
############
#O##........
#........<.#
#.###.#..#..
##.##.......#
#e......o...
......##....#
#.......#..#


You could see 2 worker ants.

Vanquished Creatures
  A howler monkey (D:5)
  A hound (D:5)
  A worker ant (D:3)
  A hound skeleton (D:5)
  A gnoll (D:5)
  4 adders
  A howler monkey skeleton (D:5)
  A shadow imp (D:5)
  A worm (D:3)
  A dart slug (D:1)
  3 leopard geckos
  3 orcs
  3 bats
  A giant cockroach (D:5)
  3 goblins
  6 hobgoblins
  3 kobolds
  A quokka (D:5)
  2 ball pythons
  3 frilled lizards
  2 rats (D:3)
43 creatures vanquished.

Notes
Turn   | Place    | Note
-------+----------+-------------------------------------------
     0 | D:1      | Bombadil the Gargoyle Earth Elementalist began the quest
                  | for the Orb.
     0 | D:1      | Reached XP level 1. HP: 10/10 MP: 3/3
   611 | D:1      | Reached skill level 4 in Earth Magic
   611 | D:1      | Reached XP level 2. HP: 15/15 MP: 3/5
  1253 | D:2      | Noticed Sigmund
  1496 | D:2      | Found an ancient bone altar of Kikubaaqudgha.
  1513 | D:2      | Reached XP level 3. HP: 19/19 MP: 1/6
  1641 | D:2      | Learned a level 3 spell: Stone Arrow
  1787 | D:3      | Found an opulent altar of Gozag.
  1964 | D:3      | Reached XP level 4. HP: 5/24 MP: 0/8
  2677 | D:3      | Reached skill level 5 in Earth Magic
  2812 | D:4      | Noticed Duvessa
  2812 | D:4      | Noticed Dowan
  2816 | D:5      | Entered Level 5 of the Dungeon
  3042 | D:5      | Got an ancient iron ring
  3100 | D:5      | Reached XP level 5. HP: 23/28 MP: 1/10
  3112 | D:5      | Learned a level 5 spell: Lee's Rapid Deconstruction
  3318 | D:5      | Noticed an ice beast
  3341 | D:5      | Reached skill level 1 in Conjurations
  3436 | D:4      | Found Cecili's Antique Armour Shoppe.
  3684 | D:4      | Noticed an orc warrior
  3743 | D:4      | Noticed an ogre
  3766 | D:4      | Slain by a worker ant

Levels and vault maps discovered:
D:1:      minmay_arrival_three_doors, layout_loops_corners
D:2:      layout_rooms, kiku_gazebo_garden_becter, minmay_tromino_v4_a,
          uniq_sigmund
D:3:      layout_basic, nicolae_gozag_cash_rules_everything_around_me,
          lemuel_round_altar, chequers_serial_rivers_micro_b, uniq_grinder
D:4:      layout_loops_cross, kennysheep_mini, first_ration, serial_shops, shop,
          supply_closet_lemuel, uniq_duvessa
D:5:      minmay_octagon_keep, layout_basic, kennysheep_crisscross

Skill      XL: |  1  2  3  4  5 |
---------------+----------------+-----
Earth Magic    | 4 5 |  5.7
Spellcasting   | 3 |  3.8
Conjurations   | 1 |  1.4
Dodging        | |  1.7
Stealth        | |  2.4
Transmutations | |  0.7

Action                   |  1- 3 |  4- 6 || total
-------------------------+-------+-------++-------
Melee: Falchion          |    11 |     5 ||    16
       Unarmed           |     1 |       ||     1
       Whip              |       |     7 ||     7
 Cast: Sandblast         |    38 |    15 ||    53
       Stone Arrow       |     1 |    20 ||    21
  Eat: Chunk             |     4 |     5 ||     9
       Ration            |       |     1 ||     1
Armor: Robe              |     9 |    12 ||    21
Dodge: Dodged            |    26 |    34 ||    60
Block: Other             |     2 |     3 ||     5
       Reflection        |       |     1 ||     1
       Rpst.: Falchion   |     1 |     2 ||     3
